 Dungeon Crawl Stone Soup version 0.17-a0-1678-g710b578 (webtiles) character file.

235 Gargoyl the Skirmisher (level 5, 0/42 HPs)
             Began as a Demonspawn Abyssal Knight on Aug 19, 2015.
             Was a Believer of Lugonu.
             Killed by a spatial distortion (4 damage)
             ... on level 4 of the Dungeon.
             The game lasted 00:09:35 (4204 turns).

Gargoyl the Skirmisher (Demonspawn Abyssal Knight)  Turns: 4204, Time: 00:09:35

Health: 0/42       AC:  8    Str: 21    XL:     5   Next: 76%
Magic:  6/7        EV: 14    Int: 13    God:    Lugonu [**....]
Gold:   270        SH:  0    Dex: 13    Spells: 0 memorised, 4 levels left

rFire  . . .     SeeInvis .     a - +1 hand axe
rCold  . . .     Clarity  .     o - +1 ring mail
rNeg   . . .     SustAt   .     (no shield)
rPois  .         Gourm    .     (helmet restricted)
rElec  .         Spirit   .     (no cloak)
rCorr  .         Warding  .     s - +1 pair of gloves
rMut   .         Stasis   .     (no boots)
MR     +....                    (no amulet)
Stlth  +.........               k - ring of protection from magic
                                g - +6 ring of strength

@: somewhat resistant to hostile enchantments, very unstealthy
A: horns 1, talons 1, repulsion field 1, blurry vision 1, strong 1
a: Depart the Abyss, Bend Space, Renounce Religion


You were on level 4 of the Dungeon.
You worshipped Lugonu.
Lugonu was pleased with you.
You were not hungry.

You visited 1 branch of the dungeon, and saw 4 of its levels.
You visited the Abyss 1 time.

You collected 270 gold pieces.

Inventory:

Hand weapons
 a - a +1 hand axe (weapon)
Armour
 b - a +0 pair of boots
 o - a +1 ring mail (worn)
 s - a +1 pair of gloves (worn)
Jewellery
 g - a +6 ring of strength (left hand)
 j - an uncursed amulet of resist mutation
 k - a ring of protection from magic (right hand)
Magical devices
 d - a wand of slowing (23)
 w - a wand of lightning (2)
Scrolls
 e - 4 scrolls of teleportation
 f - a scroll of fear
 h - 2 scrolls of identify
 p - 4 scrolls of remove curse {unknown}
 q - a scroll of blinking
 r - 2 scrolls of magic mapping
 u - a scroll of immolation {unknown}
Comestibles
 c - 4 bread rations
 l - a meat ration
 t - a slice of pizza


   Skills:
 + Level 4.0 Fighting
 + Level 2.8 Axes
 + Level 2.9 Armour
 + Level 2.6 Dodging
 + Level 1.2 Stealth
 + Level 2.9 Invocations


You had 4 spell levels left.
You didn't know any spells.

Dungeon Overview and Level Annotations

Branches:
Dungeon (4/15)
 Temple: D:4-7

Altars:
Gozag
Okawaru
Qazlal
Vehumet

Shops:
D:4 =


Innate Abilities, Weirdness & Mutations

You have a pair of small horns on your head.
You are surrounded by a mild repulsion field (EV +2).
You have sharp toenails.
Scrolls take you a little longer to read.
Your muscles are strong. (Str +2)


Message History

You feel slightly more hungry.
A quokka comes into view.
The iguana closely misses you.
Found a mace.
The iguana bites you.
* * * LOW HITPOINT WARNING * * *
Drink which item? (? for menu, Esc to quit)
It was a potion of cancellation.
You feel magically purged.
The iguana bites you but does no damage.
Drink which item? (? for menu, Esc to quit)
It was a potion of heal wounds.
You feel much better. The iguana barely misses you.
Drink which item? (? for menu, Esc to quit)
It was a potion of mutation.
You feel extremely strange.
Your toenails lengthen and sharpen.
You feel stronger.
Your vision blurs.
The iguana bites you!
* * * LOW HITPOINT WARNING * * *
Use which ability? (? or * to list) Space bends around you!
You blink.
You die...

#.# #.# #l#
#ยง# ##.#
..#
##.########
##..........
#...@.#
##...## ..
##.## ... #.
... #. #.#
##+## .# #.#
##...## .#
#.###
##.....##
### .#
#.#.##
##.......##
##.###.###


You could see an iguana.

Vanquished Creatures
  2 crimson imps (D:4)
  2 worker ants
  4 adders
  An ooze (D:2)
  A worm (D:2)
  3 giant geckos (D:1)
  6 orcs
  4 giant cockroaches
  6 hobgoblins
  7 jackals
  7 kobolds
  2 quokkas (D:2)
  7 bats
  2 giant newts
  9 goblins
  9 rats
72 creatures vanquished.

Notes
Turn   | Place    | Note
--------------------------------------------------------------
     0 | Abyss:1  | Gargoyl the Demonspawn Abyssal Knight began the quest for the Orb.
     0 | Abyss:1  | Reached XP level 1. HP: 18/18 MP: 2/2
     2 | Abyss:1  | Found a corrupted altar of Lugonu.
    51 | Abyss:1  | Noticed a basilisk
    54 | Abyss:1  | Noticed a green very ugly thing
    62 | Abyss:1  | Noticed a wretched star
    63 | D:1      | Escaped the Abyss
   133 | D:1      | Acquired Lugonu's first power
   133 | D:1      | Reached skill level 1 in Dodging
   317 | D:1      | Gained mutation: You are surrounded by a mild repulsion field (EV +2). [demonic ancestry]
   317 | D:1      | Reached XP level 2. HP: 16/24 MP: 3/3
  1338 | D:2      | Reached XP level 3. HP: 25/29 MP: 5/5
  1731 | D:2      | Acquired Lugonu's second power
  2022 | D:2      | Gained mutation: You have a pair of small horns on your head. [demonic ancestry]
  2022 | D:2      | Reached XP level 4. HP: 12/36 MP: 6/6
  2266 | D:2      | Found a radiant altar of Vehumet.
  3276 | D:3      | Reached skill level 1 in Stealth
  3281 | D:3      | Found an iron altar of Okawaru.
  3545 | D:4      | Reached XP level 5. HP: 42/42 MP: 7/7
  3832 | D:4      | Found an opulent altar of Gozag.
  3960 | D:4      | Found a stormy altar of Qazlal.
  4051 | D:4      | Found Wigy's Jewellery Shoppe.
  4149 | D:4      | Reached skill level 4 in Fighting
  4203 | D:4      | Gained mutation: You have sharp toenails. [potion of mutation]
  4203 | D:4      | Gained mutation: Your muscles are strong. (Str +2) [potion of mutation]
  4203 | D:4      | Gained mutation: Scrolls take you a little longer to read. [potion of mutation]
  4204 | D:4      | Killed by a spatial distortion

Vault maps used:
D:1:      zelgadis_glass_arrival_small, kennysheep_crisscross
D:2:      minmay_door_path, vehumet_crystals
D:3:      hangedman_decor_diamond_cutter, okawaru_trees_1
D:4:      nicolae_qazlal_general_emergency, old_standard_altar, enter_ossuary_2,
          first_bread, serial_shops, shop

Action                   |  1- 3 |  4- 6 || total
-------------------------+-------+-------++-------
Melee: Hand axe          |   129 |   107 ||   236
Invok: Depart the Abyss  |     1 |       ||     1
       Bend Space        |       |     1 ||     1
  Use: Potion            |     2 |     3 ||     5
       Scroll            |       |    11 ||    11
 Stab: Sleeping          |     1 |       ||     1
  Eat: Bread ration      |     1 |     1 ||     2
       Chunk             |     1 |     1 ||     2
